AoeStats
← waLLefps.

Oasis

507588728Analyzed
4v4 RM · 12d ago on Sep 18, 2026· 57m 42s· 8 players
Game mode
Random Map
Map size
Large (8 player)
Population
200
Speed
Normal
Resources
Standard
Victory
Conquest
Starting age
Dark Age
Ending age
Imperial Age
RankedLock teamsTeams togetherTeam positionsShared explorationLock speedFull tech treeHidden civsTurbo modeCheats
Victory
Defeat
🇦🇷 Persians · Argentina
1462
+13
🇦🇷 Turks · Argentina
1453
+14
🇺🇸 Goths · United States
1447
+14
🇷🇺 Malians · Russia
1438
+14
🇹🇷 Britons · Türkiye
1468
-16
🇹🇷 Khmer · Türkiye
1445
-16
🇹🇷 Huns · Türkiye
1389
-13
🇹🇷 Bengalis · Türkiye
1302
-10
IamBritt
7:35 Loom
9:31 Feudal Age
10:07 Double-Bit Axe
11:39 Fletching
14:06 Gold Mining
16:49 Padded Archer Armor
22:43 Castle Age
25:48 Horse Collar
40:47 Wheelbarrow
40:38 Bow Saw
40:27 Stone Mining
42:16 Heavy Plow
44:18 Squires
48:35 Imperial Age
46:45 Scale Mail Armor
48:23 Chain Mail Armor
48:19 Forging
47:51 Pikeman
49:54 Perfusion
50:26 Hand Cart
51:14 Iron Casting
50:08 Man-at-Arms
50:43 Halberdier
53:08 Blast Furnace
51:44 Long Swordsman
52:24 Two-Handed Swordsman
53:04 Champion
55:33 Conscription
55:15 Anarchy
57:11 Bodkin Arrow
diprial
6:46 Loom
9:31 Feudal Age
10:43 Double-Bit Axe
11:33 Horse Collar
17:13 Scale Barding Armor
23:01 Castle Age
21:41 Bloodlines
22:51 Forging
22:40 Gold Mining
24:22 Bow Saw
24:47 Husbandry
25:34 Wheelbarrow
24:48 Town Watch
27:23 Hand Cart
28:24 Light Cavalry
34:27 Chain Barding Armor
34:44 Iron Casting
40:07 Stone Mining
40:54 Gold Shaft Mining
45:30 Imperial Age
44:04 Stone Shaft Mining
46:17 Farimba
45:39 Heavy Camel Rider
46:58 Conscription
50:47 Heavy Plow
51:36 Plate Barding Armor
53:01 Fletching
57:06 Cavalier
58:17 Crop Rotation
58:01 Masonry
57:33 Treadmill Crane
57:56 Scale Mail Armor
57:53 Bodkin Arrow
58:01 Town Patrol
58:15 Fervor
58:28 Sanctity
58:21 Devotion
VL Mano
7:00 Loom
11:05 Feudal Age
11:44 Double-Bit Axe
13:22 Fletching
16:51 Padded Archer Armor
23:47 Castle Age
21:55 Gold Mining
21:56 Horse Collar
24:11 Bodkin Arrow
24:18 Crossbowman
25:35 Bow Saw
27:06 Gold Shaft Mining
27:02 Town Watch
31:21 Leather Archer Armor
33:58 Imperial Age
32:36 Ballistics
35:38 Chemistry
34:46 Elite Skirmisher
36:16 Wheelbarrow
36:22 Wheelbarrow
36:54 Two-Man Saw
40:02 Thumb Ring
40:42 Town Patrol
43:25 Capped Ram
44:21 Heavy Plow
44:14 Stone Mining
46:30 Kamandaran
46:57 Pikeman
47:37 Squires
48:34 Citadels
48:44 Conscription
Karles
6:47 Loom
6:59 Loom
9:07 Feudal Age
9:43 Double-Bit Axe
14:20 Wheelbarrow
15:44 Scale Barding Armor
16:58 Forging
19:22 Horse Collar
20:03 Bloodlines
22:59 Castle Age
21:17 Gold Mining
23:42 Husbandry
24:29 Chain Barding Armor
28:44 Heavy Plow
31:54 Iron Casting
32:24 Town Watch
35:51 Hand Cart
38:29 Imperial Age
38:02 Fortified Wall
38:04 Masonry
39:53 Plate Barding Armor
39:40 Conscription
38:49 Cavalier
40:46 Bow Saw
42:08 Blast Furnace
41:24 Heavy Camel Rider
42:47 Treadmill Crane
43:37 Architecture
43:03 Murder Holes
44:09 Coinage
43:48 Town Patrol
45:01 Two-Man Saw
49:05 Ballistics
48:36 Fletching
49:14 Bodkin Arrow
51:58 Bracer
klostrofobikköstebek
7:29 Loom
9:41 Feudal Age
10:18 Double-Bit Axe
14:21 Wheelbarrow
14:24 Padded Archer Armor
14:15 Fletching
24:29 Castle Age
24:37 Crossbowman
27:08 Leather Archer Armor
39:03 Ballistics
38:57 Bodkin Arrow
39:27 Hand Cart
39:35 Horse Collar
40:08 Bow Saw
45:15 Imperial Age
44:36 Yeomen
44:25 Heavy Plow
44:17 Gold Mining
44:49 Pikeman
45:29 Squires
45:32 Scale Mail Armor
46:57 Two-Man Saw
47:43 Elite Longbowman
49:49 Ring Archer Armor
49:25 Bracer
51:21 Chemistry
51:15 Conscription
52:39 Gold Shaft Mining
51:54 Stone Mining
55:03 Siege Engineers
54:56 Murder Holes
waLLefps.
6:52 Loom
9:35 Feudal Age
10:12 Double-Bit Axe
15:06 Horse Collar
17:43 Bloodlines
19:41 Scale Barding Armor
20:41 Forging
27:24 Castle Age
27:17 Wheelbarrow
26:34 Gold Mining
28:06 Husbandry
27:27 Light Cavalry
28:28 Chain Barding Armor
28:44 Iron Casting
31:57 Gold Shaft Mining
32:27 Hand Cart
38:35 Town Watch
42:04 Imperial Age
39:29 Fletching
41:01 Ballistics
40:41 Bodkin Arrow
44:02 Plate Barding Armor
43:13 Elite Battle Elephant
Tameryig1t
2:24 Loom
6:25 Loom
8:52 Feudal Age
12:17 Fletching
14:17 Double-Bit Axe
15:33 Padded Archer Armor
23:43 Horse Collar
28:03 Castle Age
29:24 Bodkin Arrow
29:45 Leather Archer Armor
35:14 Scale Barding Armor
35:24 Forging
36:19 Heavy Plow
36:36 Bow Saw
37:07 Wheelbarrow
39:21 Hand Cart
39:33 Gold Mining
39:33 Stone Mining
44:18 Chain Barding Armor
45:38 Marauders
46:38 Husbandry
46:49 Bloodlines
50:15 Iron Casting
55:31 Light Cavalry
Fırtına
8:07 Loom
10:38 Feudal Age
11:18 Double-Bit Axe
11:19 Horse Collar
24:25 Bloodlines
28:43 Forging
29:44 Scale Mail Armor
32:38 Castle Age
33:23 Gold Mining
37:27 Wheelbarrow
48:09 Pikeman
48:51 Squires
49:47 Elite Skirmisher
Connection lost

Rejoining the realm…

Still unreachable

The connection could not be restored.

Session expired

The server has moved on; the page needs a fresh start.